Map: Orbital Shipyard

Players

Miszu - Winner!

  • Race: Terran Terran
  • League: Master

Smile

  • Race: Terran Terran
  • League: Master

VOD

Have the link to the VOD?

Description

Time

  • Played on: Feb. 2, 2016, 5:35 p.m.
  • Length: 5:12
Show
View Real Time Build Order
Export as new Build Order

Miszu Terran - Winner!

Build Orders:  

Get SALT Encoding   

  12  0:01  SCV  
  13  0:13  SCV  
  14  0:17  Supply Depot  
  14  0:25  SCV  
  15  0:39  SCV  
  16  0:42  Barracks  
  16  0:45  Refinery  
  16  0:51  SCV  
  17  1:03  SCV  
  18  1:15  SCV  
  19  1:29  Orbital Command  
  19  1:30  Barracks Reactor  
  19  1:43  Command Center  
  19  1:52  Supply Depot  
  19  1:56  SCV  
  20  2:05  Marine x2  
  23  2:08  SCV  
  23  2:15  Refinery  
  22  2:20  SCV  
  23  2:23  Marine x2  
  25  2:33  Factory, SCV  
  26  2:41  Marine x2  
  28  2:45  SCV  
  28  2:51  Bunker  
  28  2:58  SCV  
  29  2:59  Marine x2  
  29  3:02  Orbital Command  
  31  3:10  SCV  
  32  3:18  Starport  
  32  3:21  Factory Tech Lab  
  32  3:22  SCV  
  32  3:34  SCV  
  32  3:38  SCV  
  32  3:40  Marine x2  
  36  3:44  Siege Tank  
  36  3:47  Supply Depot, SCV  
  40  3:55  Supply Depot  
  40  3:56  Medivac  
  40  3:58  Marine, SCV  
  40  3:59  SCV  
  45  4:04  Marine  
  46  4:10  SCV  
  46  4:11  SCV  
  46  4:16  Marine, Siege Tank  
  52  4:21  Supply Depot  
  52  4:23  Marine, SCV  
  54  4:26  Medivac  
  54  4:29  SCV  
  57  4:36  Refinery, SCV  
  57  4:37  Engineering Bay  
  58  4:41  SCV  
  59  4:48  Barracks  
  59  4:49  Barracks  
  59  4:50  Marine  
Show
View Real Time Build Order
Export as new Build Order

Smile Terran 

Build Orders:  

Get SALT Encoding   

  12  0:01  SCV  
  13  0:13  SCV  
  14  0:18  Supply Depot  
  14  0:25  SCV  
  15  0:39  SCV  
  15  0:41  Barracks  
  16  0:46  Refinery  
  16  0:56  Barracks  
  16  1:00  SCV  
  17  1:13  SCV  
  19  1:28  Orbital Command  
  19  1:30  Reaper  
  19  1:40  Supply Depot  
  19  1:48  Reaper  
  20  1:54  SCV  
  21  2:10  Reaper  
  21  2:11  SCV  
  23  2:16  Command Center  
  23  2:23  SCV  
  23  2:26  Refinery  
  23  2:27  Reaper  
  25  2:35  SCV  
  26  2:47  SCV  
  26  2:50  Barracks Tech Lab  
  26  2:59  Engineering Bay, SCV  
  26  3:00  Supply Depot  
  26  3:11  Barracks, SCV  
  27  3:17  Barracks Reactor  
  27  3:18  Marine  
  28  3:23  SCV  
  29  3:36  SCV  
  29  3:41  Factory, Orbital Command  
  28  3:47  Marine  
  28  3:48  SCV  
  30  3:54  Marine  
  31  3:55  Marine  
  31  4:00  Marine, SCV  
  34  4:06  Marine  
  34  4:09  SCV  
  36  4:12  Marine, SCV  
  36  4:13  Marine  
  39  4:18  Refinery  
  39  4:20  Marine  
  39  4:22  SCV  
  41  4:24  SCV  
  41  4:25  Starport  
  41  4:26  Factory Reactor  
  41  4:28  Marine  
  41  4:30  Marine  
  44  4:31  Marine  
  44  4:34  Supply Depot  
  44  4:36  SCV  
  44  4:38  Supply Depot  
  46  4:39  SCV  
  46  4:41  Marine  
  48  4:48  SCV  
  48  4:49  Marine  
  48  4:50  Marine  
  48  4:52  Marine  
  52  4:57  SCV  
  53  5:00  SCV  
  53  5:01  Supply Depot  
Tags
 
Add a new tag
Caveats
  • Supply blocks, unpowered buildings, or Contaminate may cause inaccurate times.
  • Supply counts are checked every 10 seconds.